 Dungeon Crawl Stone Soup version 0.21-a0-552-g593960d (webtiles) character file.

28 Inus the Magician (level 2, 0/15 HPs)
             Began as a Deep Elf Wizard on Dec 17, 2017.
             Succumbed to an adder's poison
             ... on level 2 of the Dungeon.
             The game lasted 00:02:59 (894 turns).

Inus the Magician (Deep Elf Wizard)                  Turns: 894, Time: 00:02:59

Health: 0/15       AC:  3    Str:  9    XL:     2   Next: 96%
Magic:  3/10       EV: 13    Int: 22    God:
Gold:   61         SH:  0    Dex: 13    Spells: 6/11 levels left

rFire    . . .     SeeInvis .   h - +0 dagger
rCold    . . .     Gourm    .   (no shield)
rNeg     . . .     Faith    .   a - +0 robe
rPois    .         Spirit   .   b - +1 hat
rElec    .         Reflect  .   m - scarf {repulsion}
rCorr    .         Harm     .   (no gloves)
MR       .....                  (no boots)
Stlth    ++........             (no amulet)
HPRegen  0.05/turn              (no ring)
MPRegen  0.12/turn              (no ring)

@: mighty, lethally poisoned (0 -> -3), very slightly contaminated, repel
missiles
A: no striking features
a: no special abilities


You were on level 2 of the Dungeon.
You were not hungry.

You visited 1 branch of the dungeon, and saw 2 of its levels.

You collected 61 gold pieces.

Inventory:

Hand Weapons
 h - a +0 dagger (weapon)
Armour
 a - a +0 robe (worn)
 b - a +1 hat (worn)
 m - a scarf of repulsion (worn)
Scrolls
 k - 2 scrolls of identify
Books
 c - a book of Minor Magic

   Spells                             Type                      Level
   a - Magic Dart                     Conjuration                  1
   b - Blink                          Translocation                2
   c - Call Imp                       Summoning                    2
   d - Slow                           Hexes                        2
   e - Conjure Flame                  Conjuration/Fire             3
   f - Mephitic Cloud                 Conjuration/Poison/Air       3
Comestibles
 d - a bread ration
 f - 10 chunks of flesh
 g - a fruit


   Skills:
 - Level 2.4 Dodging
 - Level 2.4 Stealth
 + Level 5.1 Spellcasting
 - Level 2.0 Conjurations
 + Level 1.4 Summonings
 + Level 1.4 Translocations


You had 6 spell levels left.
You knew the following spells:

 Your Spells              Type           Power        Failure   Level  Hunger
a - Magic Dart            Conj           ##..         4%          1    None
b - Call Imp              Summ           ##......     9%          2    None
c - Blink                 Tloc           N/A          9%          2    None


Dungeon Overview and Level Annotations

Branches:
Dungeon (2/15)

Altars:


Message History

Items here: $ ( ) † a dagger; 5 stones; 10 gold pieces; a kobold corpse
* * * LOW HITPOINT WARNING * * *
You feel sick.
Your crimson imp disappears in a puff of smoke!
* * * LOW HITPOINT WARNING * * *
You feel sick.
* * * LOW HITPOINT WARNING * * *
You feel sick.
There is a lethal amount of poison in your body!
There is a lethal amount of poison in your body!
* * * LOW HITPOINT WARNING * * *
You feel sick.
Okay, then.
You aren't carrying any potions.
Unknown command.
* * * LOW HITPOINT WARNING * * *
You feel sick.
A frilled lizard comes into view.
You die...

###.#####
l.......#
#@# #.#
#.# #.#
#.# #.#
#.# #.
#.# #.
#.#


You could see a frilled lizard (sleeping).

Vanquished Creatures
  An adder (D:2)
  3 bats
  A giant cockroach (D:1)
  3 goblins
  A hobgoblin (D:2)
  2 kobolds (D:2)
  3 rats (D:1)
14 creatures vanquished.

Vanquished Creatures (collateral kills)
  An adder (D:2)
  A worm (D:2)
2 creatures vanquished.

Grand Total: 16 creatures vanquished

Notes
Turn   | Place    | Note
-------+----------+-------------------------------------------
     0 | D:1      | Inus the Deep Elf Wizard began the quest for the Orb.
     0 | D:1      | Reached XP level 1. HP: 10/10 MP: 7/7
   682 | D:2      | Reached XP level 2. HP: 12/15 MP: 6/9
   686 | D:2      | Learned a level 2 spell: Call Imp
   689 | D:2      | Learned a level 2 spell: Blink
   768 | D:2      | Reached skill level 5 in Spellcasting
   894 | D:2      | Succumbed to an adder's poison

Vault maps used:
D:1:      scummos_arrival_hexagon
D:2:      minmay_roachtagon, lemuel_crystal_altar

Skill      XL: |  1  2 |
---------------+-------+-----
Conjurations   | 2 |  2.0
Spellcasting   | 5 |  5.1
Dodging        | |  2.4
Stealth        | |  2.4
Summonings     | |  1.4
Translocations | |  1.4

Action                   || total
-------------------------++-------
Melee: Unarmed           ||    10
       Dagger            ||     4
 Cast: Magic Dart        ||    29
       Call Imp          ||     6
  Use: Scroll            ||     5
       Potion            ||     1
Armor: Robe              ||     3
Dodge: Dodged            ||    16

Table legend:
 A = Spawn XP
 B = Non-spawn XP
 C = Spawn XP percentage of total XP
 D = Spawn monster count
 E = Non-spawn monster count
 F = Spawn count percentage of total count
 G = Total turns spent on level
                    A         B        C        D         E        F      G
               +---------+---------+-------+---------+---------+-------+---------
         Total |       0 |      40 |   0.0 |       0 |      16 |   0.0 |   894
               +---------+---------+-------+---------+---------+-------+---------
           D:1 |       0 |      11 |   0.0 |       0 |       8 |   0.0 |   680
           D:2 |       0 |      29 |   0.0 |       0 |       8 |   0.0 |   214
               +---------+---------+-------+---------+---------+-------+---------
